 Dungeon Crawl Stone Soup version 0.28-a0-751-gef3a642a4e (webtiles) character file.

Game seed: 412014922436522890

6119 plpl the Schismatic (level 10, -6/82 HPs)
             Began as a Demonspawn Abyssal Knight on Oct 30, 2021.
             Was an Elder of Lugonu.
             Mangled by a death yak (16 damage)
             ... on level 8 of the Dungeon.
             The game lasted 00:11:02 (9932 turns).

plpl the Schismatic (Demonspawn Abyssal Knight)     Turns: 9932, Time: 00:11:04

Health: -6/82      AC: 16    Str: 17    XL:     10   Next: 59%
Magic:  0/26       EV: 11    Int: 15    God:    Lugonu [****..]
Gold:   394        SH:  0    Dex: 13    Spells: 9/9 levels left

rFire   + . .      SeeInvis .   a - +1 short sword (distort)
rCold   . . .      Faith    .   (no shield)
rNeg    + . .      Spirit   +   B - +4 scale mail "Biedaux" {Will+ MP+9 Int+3}
rPois   .          Reflect  .   (helmet restricted)
rElec   .          Harm     .   (no cloak)
rCorr   .          Rampage  .   k - +0 pair of gloves
Will    +....                   (no boots)
Stlth   ..........              m - amulet of guardian spirit
HPRegen 0.23/turn               o - ring of positive energy
MPRegen 0.20/turn               x - ring of protection from fire

@: studying Ice Magic
A: antennae 1, sharp scales 3
a: Renounce Religion, Depart the Abyss, Bend Space, Banish, Corrupt


You were on level 8 of the Dungeon.
You worshipped Lugonu.
Lugonu was greatly pleased with you.
You visited 1 branch of the dungeon, and saw 8 of its levels.
You visited the Abyss 1 time.

You collected 394 gold pieces.

Inventory:

Hand Weapons
 a - a +1 short sword of distortion (weapon)
 b - a +4 long sword
Missiles
 l - 2 throwing nets
Armour
 k - a +0 pair of gloves (worn)
 B - the +4 scale mail "Biedaux" (worn) {Will+ MP+9 Int+3}
   (You found it on level 8 of the Dungeon)

   Int:       It affects your intelligence (+3).
   MP:        It affects your magic capacity (+9).
   Will:      It increases your willpower.
Jewellery
 m - an amulet of guardian spirit (around neck)
 o - a ring of positive energy (left hand)
 x - a ring of protection from fire (right hand)
Wands
 p - a wand of iceblast (7)
 s - a wand of acid (8)
 v - a wand of polymorph (7)
 z - a wand of digging (5)
 A - a wand of paralysis (4)
Scrolls
 c - 6 scrolls of identify {unknown}
 d - 4 scrolls of immolation {unknown}
 e - 4 scrolls of vulnerability {unknown}
 g - a scroll of magic mapping {unknown}
 h - 3 scrolls of enchant weapon {unknown}
 i - 5 scrolls of teleportation {unknown}
 t - a scroll of noise {unknown}
 u - a scroll of fog {unknown}
 w - a scroll of enchant armour {unknown}
 y - 2 scrolls of summoning {unknown}
Potions
 f - a potion of brilliance {unknown}
 j - 3 potions of heal wounds {unknown}
 q - 3 potions of might {unknown}
 r - 3 potions of haste {unknown}


   Skills:
 + Level 8.6 Fighting
 - Level 8.0 Short Blades
 * Level 0.1(4.9) Long Blades
 + Level 6.6 Armour
 - Level 4.0 Dodging
 - Level 10.0 Invocations


You had 9 spell levels left.
You didn't know any spells.
Your spell library contained the following spells:

 Spells                   Type           Power      Damage    Failure   Level
 Blink                    Tloc           0%         N/A       77%         2
 Gell's Gravitas          Tloc           0%         N/A       94%         3
 Ignite Poison            Fire/Tmut/Pois 0%         N/A       94%         3
 Lesser Beckoning         Tloc           0%         N/A       94%         3
 Mephitic Cloud           Conj/Pois/Air  0%         N/A       94%         3
 Teleport Other           Tloc           0%         N/A       94%         3
 Freezing Cloud           Conj/Ice/Air   0%         6-21      100%        5
 Manifold Assault         Tloc           0%         N/A       100%        5
 Storm Form               Tmut/Air       0%         N/A       100%        7


Dungeon Overview and Level Annotations

Branches:
Dungeon (8/15)             Temple (0/1) D:5            Lair (0/6) D:8

Altars:
Ashenzari
Cheibriados
Hepliaklqana
Kikubaaqudgha
Makhleb
Qazlal
Sif Muna
Trog
Vehumet
Wu Jian
Yredelemnul

Annotations:
Abyss:1 Crazy Yiuf, Eustachio


Innate Abilities, Weirdness & Mutations

You have a pair of small antennae on your head.
You are completely covered in razor-sharp scales. (AC +3, Slay +3)


Message History

You hit the death yak but do no damage.
The death yak is moderately wounded.
The death yak gores you but does no damage.
You puncture the death yak!
The death yak is heavily wounded.
You hit the death yak.
Space warps horribly around the death yak!!
The death yak is severely wounded.
The death yak gores you.
You hit the death yak.
The death yak is almost dead.
The death yak blinks!
You barely miss the death yak.
The death yak is almost dead.
The death yak barely misses you.
You hit the death yak.
The death yak is almost dead.
The death yak blinks!
You hit the death yak.
Space warps horribly around the death yak!
The death yak is moderately wounded.
The death yak closely misses you.
You hit the death yak but do no damage.
Space warps around the death yak.
The death yak is moderately wounded.
The death yak gores you!
* * * LOW HITPOINT WARNING * * *
Space bends around you!
You blink.
A jelly comes into view.
The jelly quivers.
The jelly barely misses you. The jelly closely misses you.
The jelly hits you but does no damage. Space bends around you!
You blink.
The jelly hits you.
* * * LOW HITPOINT WARNING * * *
You are splashed with acid!
* * * LOW HITPOINT WARNING * * *
The death yak snorts and paws the ground.
The death yak gores you!!
You die...

#..≈...................
#.#.####....#######'####.
#.#.........##.####...##.
#...........'.....#......
............#.....#......
............#.....#......
#............#.....#(.....
........YJ..#.....#.....)
........@(..#.....#.)....
............#.....#).)...
################...########).)##.
.......##....###..)###..###...##.
#...................).........#.
#..................)..........#.
#................<).)...).....#.
##....##.##..##.)###..)####'####
#....##.###'##'####.).##....###


You could see a death yak and a jelly.

Vanquished Creatures
  Pikel (D:7)
  2 ugly things
  An unseen horror (D:7)
  2 steam dragons
  A water moccasin (D:7)
  Duvessa (D:4)
  A sky beast (D:6)
  An ice beast (D:6)
  A necrophage (D:6)
  2 orc warriors
  A black bear (D:5)
  2 centaurs
  4 kobold brigands
  A gnoll sergeant (D:8)
  3 bullfrogs
  4 scorpions
  Dowan (D:4)
  A killer bee (D:5)
  2 wights (D:8)
  2 bullfrog zombies
  A centaur zombie (D:7)
  A hound (D:7)
  2 jellies
  A gnoll shaman (D:8)
  5 orc priests
  A centaur skeleton (D:6)
  2 iron imps (D:4)
  5 iguanas
  5 orc wizards
  4 adders
  14 gnolls
  A river rat (D:8)
  A shadow imp (D:6)
  A worm (D:3)
  4 dart slugs
  18 orcs
  4 ball pythons
  6 endoplasms
  4 giant cockroaches
  7 goblins
  5 hobgoblins
  28 kobolds
  2 quokkas
  3 bats
  5 frilled lizards
  10 rats
174 creatures vanquished.

Vanquished Creatures (others)
  A human (D:8)
  6 fungi (D:3)
  2 plants (D:6)
9 creatures vanquished.

Grand Total: 183 creatures vanquished

Notes
Turn   | Place    | Note
-------+----------+-------------------------------------------
     0 | Abyss:1  | plpl the Demonspawn Abyssal Knight began the quest for the
                  | Orb.
     0 | Abyss:1  | Reached XP level 1. HP: 18/18 MP: 2/2
    64 | Abyss:1  | Noticed a raiju
    65 | D:1      | Escaped the Abyss
   384 | D:1      | Gained mutation: You are partially covered in razor-sharp
                  | scales. (AC +1, Slay +1) [demonic ancestry]
   384 | D:1      | Reached XP level 2. HP: 24/24 MP: 3/3
   484 | D:1      | Reached * piety under Lugonu
   669 | D:1      | Found a faded altar of an unknown god.
  1318 | D:2      | Gained mutation: You are mostly covered in razor-sharp
                  | scales. (AC +2, Slay +2) [demonic ancestry]
  1318 | D:2      | Reached XP level 3. HP: 28/29 MP: 4/4
  1855 | D:2      | Found a bloodstained altar of Trog.
  2006 | D:3      | Reached XP level 4. HP: 33/35 MP: 5/5
  2228 | D:3      | Found a shimmering blue altar of Sif Muna.
  2244 | D:3      | Reached ** piety under Lugonu
  2245 | D:3      | Reached skill level 3 in Invocations
  2455 | D:3      | Found a broken altar of Ashenzari.
  2528 | D:3      | Found a hazy altar of Hepliaklqana.
  2559 | D:3      | Noticed a scorpion
  2561 | D:3      | Noticed a centaur
  2566 | D:3      | Killed a centaur
  2567 | D:3      | Reached skill level 5 in Invocations
  2567 | D:3      | Reached XP level 5. HP: 34/41 MP: 5/8
  2583 | D:3      | Reached skill level 6 in Invocations
  2818 | D:3      | Reached XP level 6. HP: 31/47 MP: 7/10
  2959 | D:3      | Found a basalt altar of Yredelemnul.
  3104 | D:3      | Found a runed translucent door.
  3105 | D:3      | Noticed Crazy Yiuf
  3345 | D:3      | Banished Crazy Yiuf
  3346 | D:3      | Reached skill level 7 in Invocations
  3461 | D:4      | Noticed Dowan
  3462 | D:4      | Noticed Duvessa
  3470 | D:4      | Killed Dowan
  3488 | D:4      | Killed Duvessa
  3489 | D:4      | Reached skill level 8 in Invocations
  3489 | D:4      | Reached XP level 7. HP: 18/52 MP: 5/13
  3818 | D:4      | Noticed Eustachio
  3818 | D:4      | Found a burning altar of Makhleb.
  3833 | D:4      | Banished Eustachio
  3834 | D:4      | Reached skill level 9 in Invocations
  4203 | D:4      | Reached skill level 10 in Invocations
  4203 | D:4      | Reached skill level 1 in Dodging
  4304 | D:4      | Reached *** piety under Lugonu
  4471 | D:5      | Entered Level 5 of the Dungeon
  4536 | D:5      | Found a staircase to the Ecumenical Temple.
  4558 | D:5      | Reached XP level 8. HP: 54/58 MP: 15/15
  5114 | D:5      | Found a snail-covered altar of Cheibriados.
  6175 | D:6      | Reached skill level 5 in Fighting
  6536 | D:6      | Reached skill level 5 in Armour
  6536 | D:6      | Gained mutation: You are completely covered in razor-sharp
                  | scales. (AC +3, Slay +3) [demonic ancestry]
  6536 | D:6      | Reached XP level 9. HP: 59/69 MP: 14/16
  7058 | D:6      | You fall into a shaft and drop 1 floor!
  7246 | D:7      | Noticed Pikel
  7254 | D:7      | Killed Pikel
  7265 | D:7      | Found an ornate altar of the Wu Jian Council.
  7277 | D:7      | Noticed a brown ugly thing
  7301 | D:7      | Killed a brown ugly thing
  7302 | D:7      | Reached skill level 5 in Short Blades
  7610 | D:7      | Reached **** piety under Lugonu
  7766 | D:7      | Gained mutation: You have a pair of small antennae on your
                  | head. [demonic ancestry]
  7766 | D:7      | Reached XP level 10. HP: 52/80 MP: 11/17
  7772 | D:7      | Noticed a white ugly thing
  8141 | D:6      | Killed a white ugly thing
  8495 | D:7      | Found a radiant altar of Vehumet.
  8844 | D:8      | Noticed a two-headed ogre
  9292 | D:8      | Identified the +4 scale mail "Biedaux" {Will+ MP+9 Int+3}
  9583 | D:8      | Found an ancient bone altar of Kikubaaqudgha.
  9757 | D:8      | Banished a two-headed ogre
  9851 | D:8      | Found a stormy altar of Qazlal.
  9873 | D:8      | Found a staircase to the Lair.
  9875 | D:8      | Noticed a death yak
  9876 | D:8      | Noticed a death yak
  9877 | D:8      | Noticed a death yak
  9932 | D:8      | Mangled by a death yak

Illustrated notes

Levels and vault maps discovered:
D:1:      elethiomel_arrival_shortcut, layout_basic,
          shapermc_ecumenical_altar_ellora, minivault_19, due_unseen_surprise
D:2:      layout_loops_ring, basic_altar
D:3:      layout_loops_ring, nicolae_hepliaklqana_hippocampus,
          ashenzari_altar_1, mainiacjoe_overflow_chevrons,
          kennysheep_orc_sif_temple, minivault_23, uniq_crazy_yiuf_cottage
D:4:      layout_basic, demons_altar, serial_corexii_hall,
          chequers_hall_statues_corner_a, chequers_hall_statues_wall_a,
          uniq_duvessa, uniq_eustachio
D:5:      minmay_angry_zag, layout_loops_ring, nicolae_overflow_hidden_temple,
          minmay_temple_entry_metal_lava
D:6:      layout_basic, serial_bayou_pond_b
D:7:      layout_rooms, nzn_wu_jian_contemplation, kennysheep_little_box,
          enter_ossuary_5, minmay_manual_macuahuitl, uniq_pikel
D:8:      layout_gridville, tgw_kikubaaqudgha, nicolae_qazlal_general_emergency,
          zin_scriptorium, dpeg_lair_monsters

Skill      XL: |  1  2  3  4  5  6  7  8  9 10 |
---------------+-------------------------------+-----
Short Blades   | 2 3 4 6 8 |  8.0
Invocations    | 5 6 8 10 | 10.0
Dodging        | 2 4 |  4.0
Armour         | 2 5 6 |  6.6
Fighting       | 5 8 |  8.6
Long Blades    | |  0.1

Action                   |  1- 3 |  4- 6 |  7- 9 | 10-12 || total
-------------------------+-------+-------+-------+-------++-------
Melee: Short sword       |    87 |    97 |   265 |   182 ||   631
       Long sword        |       |       |       |    12 ||    12
Invok: Depart the Abyss  |     1 |       |       |       ||     1
       Bend Space        |       |       |       |     4 ||     4
  Use: Potion            |       |     3 |     1 |       ||     4
 Stab: Sleeping          |     1 |       |       |       ||     1
Armor: Leather armour    |    24 |     3 |       |       ||    27
       Chain mail        |       |    37 |   146 |    82 ||   265
       Scale mail        |       |       |       |    45 ||    45
Dodge: Dodged            |    34 |    29 |    91 |    74 ||   228

Table legend: (Time is in decaauts)
 A = Elapsed time spent in this place.
 B = Non-inter-level travel time spent in this place.
 C = Inter-level travel time spent in this place.
 D = Time resting spent in this place.
 E = Time spent auto-exploring this place.
 F = Levels seen in this place.
 G = Mean time per level.
                   A        B        C        D        E       F      G
               +--------+--------+--------+--------+--------+-----+--------+
         Total |   9851 |   9585 |    266 |      4 |   8092 |   9 | 1094.6 |
       Dungeon |   9786 |   9520 |    266 |      4 |   8032 |   8 | 1223.2 |
         Abyss |     65 |     65 |      0 |      0 |     60 |   1 |   65.0 |
               +--------+--------+--------+--------+--------+-----+--------+

Top non-repeatable levels by time:
     D:7: 1557 daAuts
     D:5: 1500 daAuts
     D:6: 1475 daAuts
     D:3: 1326 daAuts
     D:1: 1237 daAuts
     D:4: 1085 daAuts
     D:8: 861 daAuts
     D:2: 742 daAuts
 Abyss:1: 65 daAuts
